[Event "Titled Tuesday Blitz February 07 Late 2023"]
[White "Fiorito, Joaquin"]
[Black "Makarian, Rudik"]
[WhiteFideId "180173"]
[BlackFideId "44105681"]
[WhiteElo "2405"]
[BlackElo "2545"]
[Result "0-1"]
[Round "04"]
[TimeControl "180+2"]
[Date "2023.02.07"]
[WhiteClock "0:00:38"]
[BlackClock "0:01:24"]

1. d4 Nf6 2. Nc3 d5 3. Bf4 c5 4. e4 Nxe4 5. Bb5+ Nc6 6. Nxe4 dxe4 7. Ne2 e6 8. Bxc6+ bxc6 9. dxc5 Qxd1+ 10. Rxd1 Bxc5 11. Nc3 f5 12. Na4 Be7 13. Bd6 Bxd6 14. Rxd6 Ke7 15. Rd1 e5 16. O-O Be6 17. Nc5 Rhd8 18. Rfe1 Bf7 19. b3 Rd5 20. b4 Rad8 21. Rxd5 cxd5 22. a4 d4 23. f3 e3 24. Nd3 Kf6 25. Nc5 f4 26. Ne4+ Ke7 27. Nc5 Rc8 28. g3 g5 29. a5 Bg6 30. Rc1 Kd6 31. h4 h6 32. hxg5 hxg5 33. g4 Kd5 34. Kf1 Rh8 35. Kg2 Kc4 36. Nd7 Re8 0-1


[Site "https://www.chess.com"]

[Event "Titled Tuesday Blitz February 07 Late 2023"]
[White "Tatarinov, Dmitry"]
[Black "Melkumyan, Hrant"]
[WhiteFideId "24160067"]
[BlackFideId "13302485"]
[WhiteElo "2310"]
[BlackElo "2645"]
[Result "0-1"]
[Round "04"]
[TimeControl "180+2"]
[Date "2023.02.07"]
[WhiteClock "0:01:06"]
[BlackClock "0:00:54"]

1. Nf3 c5 2. e3 Nf6 3. d4 d5 4. c4 cxd4 5. exd4 Nc6 6. Nc3 g6 7. cxd5 Nxd5 8. Bc4 Nxc3 9. Qb3 Nd5 10. Bxd5 e6 11. Bxc6+ bxc6 12. O-O Be7 13. Bh6 Qd5 14. Qc3 f6 15. Bf4 a5 16. Rfe1 a4 17. Nd2 O-O 18. Ne4 Bd7 19. Nc5 Rfd8 20. Nb7 Re8 21. Nc5 Bxc5 22. dxc5 e5 23. Rad1 Qf7 24. Bc1 Be6 25. a3 Bd5 26. f4 exf4 27. Bxf4 Kg7 28. h4 Ra7 29. Rxe8 Qxe8 30. Bg5 Rf7 31. Re1 Qd7 32. Qc4 0-1


[Site "https://www.chess.com"]

[Event "Titled Tuesday Blitz February 07 Late 2023"]
[White "Tari, Aryan"]
[Black "Darini, Pouria"]
[WhiteFideId "1510045"]
[BlackFideId "12502200"]
[WhiteElo "2642"]
[BlackElo "2401"]
[Result "0-1"]
[Round "04"]
[TimeControl "180+2"]
[Date "2023.02.07"]
[WhiteClock "0:00:31"]
[BlackClock "0:00:13"]

1. e4 c5 2. Nc3 Nc6 3. f4 g6 4. Nf3 Bg7 5. Bb5 Nd4 6. O-O Nxb5 7. Nxb5 d5 8. e5 Nh6 9. d4 cxd4 10. Nbxd4 O-O 11. h3 Nf5 12. Nxf5 Bxf5 13. Nd4 Be4 14. Be3 Rc8 15. c3 Qa5 16. Qd2 Qa6 17. a3 f6 18. exf6 Rxf6 19. Nf3 Rcf8 20. Ne5 Qd6 21. Bd4 g5 22. g3 gxf4 23. gxf4 Bh6 24. Ng4 Bxf4 25. Nxf6+ Rxf6 26. Rxf4 Rxf4 27. Qe3 Qg6+ 0-1


[Site "https://www.chess.com"]

[Event "Titled Tuesday Blitz February 07 Late 2023"]
[White "UnknownMagician"]
[Black "Jones, Gawain C B"]
[BlackFideId "409561"]
[WhiteElo "2696"]
[BlackElo "2618"]
[Result "1/2-1/2"]
[Round "04"]
[TimeControl "180+2"]
[Date "2023.02.07"]
[WhiteClock "0:00:14"]
[BlackClock "0:00:11"]

1. c4 c5 2. Nf3 g6 3. Nc3 Bg7 4. d4 cxd4 5. Nxd4 Nc6 6. Nxc6 bxc6 7. g3 Nh6 8. Bg2 Nf5 9. O-O h5 10. e4 Nd6 11. c5 Nb5 12. Nxb5 cxb5 13. e5 Rb8 14. Re1 Bb7 15. Bxb7 Rxb7 16. b4 h4 17. Qd5 Qc8 18. Bg5 hxg3 19. hxg3 Rh5 20. Bf4 Qc6 21. Qxc6 dxc6 22. a4 g5 23. Bd2 bxa4 24. Rxa4 g4 25. Bc3 Rd7 26. e6 Rb7 27. Bxg7 f6 28. Ra6 Rc7 29. Re4 Rh7 30. Rxg4 Kd8 31. Rh4 Rxh4 32. gxh4 Rb7 33. h5 Rxb4 34. h6 Rh4 35. Rxc6 a5 36. Ra6 a4 37. c6 Kc7 38. Kf1 Kd6 39. Ke2 Kxe6 40. c7+ Kd7 41. Ra7 Rh3 42. f3 a3 43. Rxa3 Kxc7 44. Ra8 Kd6 45. Kf2 Ke6 46. Kg2 Rh5 47. Rf8 Kf5 48. Kg3 Rg5+ 49. Kh4 Rg1 50. Rf7 Kf4 51. Kh3 Kxf3 52. Kh2 Rg2+ 53. Kh1 Re2 54. Bf8 Re1+ 55. Kh2 Re2+ 56. Kh3 Re1 57. Kh2 Re2+ 58. Kh1 Re1+ 59. Kh2 1/2-1/2


[Site "https://www.chess.com"]

[Event "Titled Tuesday Blitz February 07 Late 2023"]
[White "Czopor, Maciej"]
[Black "Sanal, Vahap"]
[WhiteFideId "21805431"]
[BlackFideId "6300545"]
[WhiteElo "2385"]
[BlackElo "2600"]
[Result "1/2-1/2"]
[Round "04"]
[TimeControl "180+2"]
[Date "2023.02.07"]
[WhiteClock "0:00:05"]
[BlackClock "0:00:20"]

1. c4 Nf6 2. Nc3 g6 3. e4 d6 4. d4 Bg7 5. f4 O-O 6. Nf3 c5 7. d5 e6 8. Be2 exd5 9. cxd5 Re8 10. e5 dxe5 11. fxe5 Ng4 12. e6 fxe6 13. d6 Nc6 14. Bg5 Bf6 15. Qd2 Nd4 16. Bxf6 Nxf6 17. Nxd4 cxd4 18. Qxd4 e5 19. Qd2 Bf5 20. O-O Kg7 21. Rad1 e4 22. Kh1 e3 23. Qd4 Qb6 24. Qh4 Re5 25. d7 Rd8 26. g4 Bxd7 27. g5 Bc6+ 28. Kg1 Ne4 29. Rf7+ Kxf7 30. Qxh7+ Kf8 31. Qh8+ Kf7 32. Qh7+ Kf8 33. Qh8+ Kf7 34. Qh7+ 1/2-1/2


[Site "https://www.chess.com"]

[Event "Titled Tuesday Blitz February 07 Late 2023"]
[White "Dominguez Perez, Leinier"]
[Black "Goroshkov, Maksym"]
[WhiteFideId "3503240"]
[BlackFideId "14142716"]
[WhiteElo "2739"]
[BlackElo "2287"]
[Result "1-0"]
[Round "04"]
[TimeControl "180+2"]
[Date "2023.02.07"]
[WhiteClock "0:00:07"]
[BlackClock "0:00:18"]

1. d4 Nf6 2. Nf3 d6 3. e3 g6 4. Be2 Bg7 5. O-O O-O 6. c4 c5 7. Nc3 cxd4 8. exd4 Nc6 9. h3 e5 10. dxe5 dxe5 11. Be3 Be6 12. Qxd8 Rfxd8 13. Rfd1 b6 14. b3 e4 15. Ng5 Nd7 16. Nxe6 fxe6 17. Rac1 Bxc3 18. Rxc3 Nc5 19. Kf1 Rxd1+ 20. Bxd1 Rd8 21. Be2 e5 22. Rc1 a5 23. Rd1 Nd4 24. f4 exf3 25. Bxf3 Kg7 26. Bd5 Rf8+ 27. Ke1 Nc2+ 28. Ke2 Nb4 29. a3 Nc2 30. Bc6 Nxe3 31. Kxe3 Nxb3 32. Rb1 Nd4 33. Rxb6 Nf5+ 34. Ke4 Nd6+ 35. Kd5 Rd8 36. Ra6 e4 37. Ra7+ Kh6 38. Kc5 e3 39. Re7 Nf5 40. Re5 Rd2 41. g4 Nd4 42. Rxe3 Nc2 43. Rc3 Ne1 44. Be4 Re2 45. Kd5 Kg5 46. c5 Kf4 47. Rc4 Ke3 48. c6 Rd2+ 49. Ke6 Rd8 50. c7 Re8+ 51. Kd7 1-0


[Site "https://www.chess.com"]

[Event "Titled Tuesday Blitz February 07 Late 2023"]
[White "Zierk, Steven"]
[Black "Ladan, Nicholas"]
[WhiteFideId "2034255"]
[BlackFideId "30918855"]
[WhiteElo "2488"]
[BlackElo "2228"]
[Result "0-1"]
[Round "04"]
[TimeControl "180+2"]
[Date "2023.02.07"]
[WhiteClock "0:00:02"]
[BlackClock "0:00:04"]

1. e4 e5 2. Nf3 Nc6 3. Bc4 Nf6 4. d4 exd4 5. e5 d5 6. Bb5 Ne4 7. Nxd4 Bc5 8. O-O O-O 9. Nxc6 bxc6 10. Bd3 Qh4 11. Be3 Bxe3 12. fxe3 Qg5 13. Rf4 Qxe5 14. Bxe4 dxe4 15. Nc3 f5 16. Qe2 Be6 17. Rd1 Rad8 18. Rff1 Qc5 19. Qf2 Bc4 20. Rfe1 Rxd1 21. Rxd1 Qb4 22. Rd4 c5 23. Nd5 Qb5 24. Nxc7 Qa5 25. Rxc4 Qxc7 26. h3 Qe5 27. Qf4 Qxf4 28. exf4 Rc8 29. g4 g6 30. b4 Kf7 31. bxc5 Ke6 32. Kf1 Kd5 33. Ra4 Rxc5 34. Rxa7 Rxc2 35. Rxh7 e3 36. Re7 Kd4 37. a4 Kd3 38. Rd7+ Ke4 39. gxf5 gxf5 40. a5 Kxf4 41. Rf7 Ke4 42. a6 Ra2 43. a7 f4 44. Kg1 Kf3 45. h4 e2 46. Re7 Rxa7 0-1


[Site "https://www.chess.com"]

[Event "Titled Tuesday Blitz February 07 Late 2023"]
[White "Koc, Przemyslaw"]
[Black "Esipenko, Andrey"]
[WhiteFideId "1109081"]
[BlackFideId "24175439"]
[WhiteElo "2346"]
[BlackElo "2679"]
[Result "0-1"]
[Round "04"]
[TimeControl "180+2"]
[Date "2023.02.07"]
[WhiteClock "0:00:01"]
[BlackClock "0:00:35"]

1. Nf3 Nf6 2. e3 c5 3. b3 d6 4. Bb2 e5 5. d4 cxd4 6. exd4 e4 7. Nfd2 d5 8. c4 Bd6 9. cxd5 O-O 10. Nc3 Re8 11. Bb5 Nbd7 12. O-O a6 13. Be2 b5 14. h3 Bb7 15. Re1 b4 16. Na4 Nxd5 17. Nc4 Bf8 18. Qd2 a5 19. Bf1 Qh4 20. Ne5 Nxe5 21. dxe5 Rad8 22. Qe2 Nc7 23. Qg4 Qe7 24. Rac1 Rd2 25. Re2 Red8 26. Qf4 Rxe2 27. Bxe2 Ne6 28. Qe3 g6 29. Bc4 Ng7 30. Qb6 Nf5 31. Qxa5 e3 32. f4 Qh4 33. Rf1 Rd2 34. Bxf7+ Kxf7 35. Qc7+ Qe7 36. e6+ Kg8 0-1


[Site "https://www.chess.com"]

[Event "Titled Tuesday Blitz February 07 Late 2023"]
[White "Chigaev, Maksim"]
[Black "Shapiro, Viktor"]
[WhiteFideId "4108116"]
[BlackFideId "4175700"]
[WhiteElo "2628"]
[BlackElo "2192"]
[Result "1-0"]
[Round "04"]
[TimeControl "180+2"]
[Date "2023.02.07"]
[WhiteClock "0:00:27"]
[BlackClock "0:00:05"]

1. e4 Nf6 2. Nc3 d5 3. exd5 Nxd5 4. Bc4 Nb6 5. Bb3 c5 6. d3 Nc6 7. Be3 Nd4 8. Nge2 Bg4 9. Qd2 e5 10. h3 Bh5 11. O-O Be7 12. Bxd4 cxd4 13. Ne4 O-O 14. f4 a5 15. a3 a4 16. Ba2 Nd5 17. N2g3 Nxf4 18. Rxf4 exf4 19. Nxh5 g5 20. h4 h6 21. Rf1 Ra6 22. hxg5 hxg5 23. g4 Kh7 24. Qg2 Rh6 25. Nd2 b5 26. Bd5 f5 27. Bf3 Rg8 28. Re1 Qd6 29. Qe2 Bf8 30. Qe5 Rxh5 31. Qxf5+ Qg6 32. Qxg6+ Kxg6 33. gxh5+ Kf5 34. Bd5 Rh8 35. Be6+ Kf6 36. Bg4 Kg7 37. Re6 b4 38. axb4 Bxb4 39. Ne4 a3 40. bxa3 Bxa3 41. Nxg5 Bc1 42. Kg2 Be3 43. Kf3 Rb8 44. h6+ Kh8 45. Bf5 Rf8 46. Be4 1-0


[Site "https://www.chess.com"]

[Event "Titled Tuesday Blitz February 07 Late 2023"]
[White "Kourkoulos-Arditis, Stamatis"]
[Black "Alekseenko, Kirill"]
[WhiteFideId "4221990"]
[BlackFideId "4135539"]
[WhiteElo "2539"]
[BlackElo "2686"]
[Result "1-0"]
[Round "04"]
[TimeControl "180+2"]
[Date "2023.02.07"]
[WhiteClock "0:00:33"]
[BlackClock "0:00:23"]

1. e4 e5 2. Nf3 Nc6 3. Bc4 Bc5 4. d3 Nf6 5. c3 d6 6. O-O O-O 7. h3 h6 8. Bb3 a6 9. Nbd2 Re8 10. Re1 Be6 11. Bc2 Ba7 12. Nf1 Ne7 13. Ng3 Ng6 14. d4 c5 15. d5 Bd7 16. c4 b5 17. b3 a5 18. a4 b4 19. Nf5 Qb8 20. Nh2 Bxf5 21. exf5 Nf8 22. g4 Bb6 23. h4 N6h7 24. g5 hxg5 25. hxg5 Bd8 26. Qg4 Qc7 27. Nf3 g6 28. Bd2 Qd7 29. Kg2 e4 30. Bxe4 Rxe4 31. Qxe4 gxf5 32. Qe8 Rc8 33. Qxd7 Nxd7 34. Re8+ Kg7 35. Nh4 Rb8 36. Nxf5+ Kg6 37. Nxd6 Bc7 38. Rxb8 Bxb8 39. Ne4 Kf5 40. Re1 Nhf8 41. Ng3+ Bxg3 42. Kxg3 Ne5 43. f4 Nd3 44. Re3 Nb2 45. Re5+ Kg6 46. Kg4 Nd3 47. f5+ Kg7 48. Re3 Nf2+ 49. Kf3 Nh3 50. Re7 Nh7 51. g6 N7g5+ 52. Bxg5 Nxg5+ 53. Kg4 Kf6 54. Rxf7+ Nxf7 55. gxf7 Ke7 56. Kg5 Kf8 57. Kg6 Ke7 58. Kg7 1-0


[Site "https://www.chess.com"]

[Event "Titled Tuesday Blitz February 07 Late 2023"]
[White "Kozak, Adam"]
[Black "Al-Tarboush, Ward"]
[WhiteFideId "753246"]
[BlackFideId "7601450"]
[WhiteElo "2572"]
[BlackElo "2256"]
[Result "1-0"]
[Round "04"]
[TimeControl "180+2"]
[Date "2023.02.07"]
[WhiteClock "0:00:11"]
[BlackClock "0:00:05"]

1. Nf3 Nf6 2. b3 g6 3. Bb2 Bg7 4. g3 O-O 5. Bg2 d6 6. d4 Bf5 7. O-O Nbd7 8. Re1 c6 9. c4 Ne4 10. Nh4 Ndf6 11. Nxf5 gxf5 12. Qc1 d5 13. Qc2 e6 14. e3 a5 15. f3 Nd6 16. Nd2 b5 17. c5 Nc8 18. e4 fxe4 19. fxe4 Ne7 20. Rad1 Qd7 21. e5 Ne8 22. Nf3 Ng6 23. Bc1 a4 24. b4 a3 25. Bh3 h6 26. Kh1 Rd8 27. Nh4 Nxh4 28. gxh4 Kh8 29. Qg2 Qe7 30. h5 Rg8 31. Qf3 f5 32. exf6 Qxf6 33. Qe2 Nc7 34. Rg1 Qh4 35. Qe3 Rdf8 36. Rg3 Qxh5 37. Rdg1 Bf6 38. Bg4 Qh4 39. Rh3 Rxg4 40. Qxh6+ Qxh6 41. Rxh6+ Kg8 42. Rxg4+ Bg7 43. Kg2 Ne8 44. Rxe6 Nf6 45. Rf4 Ne4 46. Rxf8+ Kxf8 47. Rxc6 Bxd4 48. Ra6 Nc3 49. Bxa3 Ke7 50. Bb2 Ne2 51. Bxd4 Nxd4 52. h4 Nc2 53. a3 d4 54. Rd6 d3 55. Kf2 Nxa3 56. Rxd3 Nc4 57. Rd4 Ne5 58. Re4 Ke6 59. Rxe5+ Kxe5 60. Ke2 Kd5 61. Kd1 Kc6 62. Kc1 1-0


[Site "https://www.chess.com"]

[Event "Titled Tuesday Blitz February 07 Late 2023"]
[White "Chan, Luis"]
[Black "Suleymanli, Aydin"]
[WhiteFideId "3216357"]
[BlackFideId "13413937"]
[WhiteElo "2208"]
[BlackElo "2560"]
[Result "0-1"]
[Round "04"]
[TimeControl "180+2"]
[Date "2023.02.07"]
[WhiteClock "0:00:01"]
[BlackClock "0:00:02"]

1. b3 e5 2. Bb2 Nc6 3. e3 d6 4. Bb5 a6 5. Bxc6+ bxc6 6. d4 e4 7. Ne2 Nf6 8. c4 h5 9. h3 h4 10. d5 c5 11. Nd2 Bf5 12. Qc2 Qe7 13. O-O-O g6 14. g4 hxg3 15. Nxg3 Rh4 16. Nxf5 gxf5 17. Rdg1 Nd7 18. Nf1 Ne5 19. Ng3 Nd3+ 20. Kb1 Qd7 21. Bc3 a5 22. Rd1 Nb4 23. Qb2 Rh7 24. h4 a4 25. a3 Nd3 26. Rxd3 exd3 27. b4 cxb4 28. Qxb4 c5 29. Qb2 Be7 30. Ka2 Bd8 31. Qd2 Qb7 32. Rb1 Qa6 33. Qxd3 Rxh4 34. Nxf5 Rh2 35. Ng7+ Kf8 36. Rb2 Ra7 37. Nf5 Rb7 38. Rd2 Rb3 0-1


[Site "https://www.chess.com"]

[Event "Titled Tuesday Blitz February 07 Late 2023"]
[White "Perez Ponsa, Federico"]
[Black "Hirneise, Jens"]
[WhiteFideId "117927"]
[BlackFideId "24614734"]
[WhiteElo "2532"]
[BlackElo "2277"]
[Result "1-0"]
[Round "04"]
[TimeControl "180+2"]
[Date "2023.02.07"]
[WhiteClock "0:00:26"]
[BlackClock "0:00:41"]

1. e4 e5 2. Nf3 Nf6 3. d4 Nxe4 4. Bd3 d5 5. Nxe5 Nd7 6. Nc3 Nxe5 7. dxe5 Nxc3 8. bxc3 Be7 9. O-O O-O 10. f4 c5 11. Be2 Bf5 12. Bf3 Qa5 13. Bd2 Be4 14. c4 Qa6 15. cxd5 Bxf3 16. Qxf3 Qc4 17. Qb3 Qa6 18. d6 Bd8 19. a4 Rc8 20. Qb5 Qc6 21. Qxc6 Rxc6 22. Rfb1 b6 23. a5 f6 24. axb6 Bxb6 25. Bc3 fxe5 26. fxe5 Re8 27. g3 Kf7 28. Kg2 Ke6 29. Kf3 Rf8+ 30. Ke4 Rf2 31. Rd1 Rxc2 32. Rac1 Rxh2 33. Rd2 Rxd2 34. Bxd2 c4 35. Bc3 a5 36. Rf1 Rc8 37. Rb1 Bd8 38. Rb7 Ra8 39. Rxg7 a4 40. Rxh7 a3 41. Rh6+ Kf7 42. e6+ Kg8 43. Rh8# 1-0


[Site "https://www.chess.com"]

[Event "Titled Tuesday Blitz February 07 Late 2023"]
[White "Taboas Rodriguez, Daniel"]
[Black "Demidov, Mikhail"]
[WhiteFideId "2208466"]
[BlackFideId "4197143"]
[WhiteElo "2371"]
[BlackElo "2583"]
[Result "0-1"]
[Round "04"]
[TimeControl "180+2"]
[Date "2023.02.07"]
[WhiteClock "0:00:01"]
[BlackClock "0:00:31"]

1. d4 g6 2. Nf3 Bg7 3. c4 d6 4. Nc3 Bg4 5. e3 Nc6 6. Be2 Nf6 7. O-O O-O 8. h3 Bd7 9. d5 Nb4 10. a3 Na6 11. Nd4 e5 12. dxe6 fxe6 13. Bf3 Rb8 14. Rb1 e5 15. Ndb5 Nc5 16. b4 Ne6 17. Nxa7 Ng5 18. Nab5 Kh8 19. Be2 Bf5 20. Bd3 Qd7 21. Bxf5 gxf5 22. f4 exf4 23. exf4 Nge4 24. Bb2 Rg8 25. Nxe4 Nxe4 26. Qc2 h6 27. Nc3 Bxc3 28. Bxc3+ Kh7 29. Rbe1 Qe6 30. Qd3 Rbe8 31. Rf3 Qg6 32. Qf1 Re6 33. Bb2 Nd2 34. Rxe6 Qxe6 35. Qf2 Nxf3+ 36. Qxf3 Qe4 37. Kf2 Qxf3+ 38. Kxf3 Re8 39. g4 Kg6 40. a4 Re4 0-1


[Site "https://www.chess.com"]

[Event "Titled Tuesday Blitz February 07 Late 2023"]
[White "Brodowski, Piotr"]
[Black "Ramirez, Alejandro"]
[WhiteFideId "1124480"]
[BlackFideId "6500617"]
[WhiteElo "2457"]
[BlackElo "2572"]
[Result "0-1"]
[Round "04"]
[TimeControl "180+2"]
[Date "2023.02.07"]
[WhiteClock "0:00:22"]
[BlackClock "0:00:31"]

1. e4 c5 2. Nf3 e6 3. g3 Nf6 4. Qe2 Nc6 5. Bg2 e5 6. O-O d6 7. h3 g6 8. c3 Bg7 9. d4 exd4 10. cxd4 cxd4 11. Qd3 O-O 12. Nxd4 Nxd4 13. Qxd4 Re8 14. Qd3 d5 15. exd5 Bf5 16. Qd1 Ne4 17. Qb3 Rc8 18. Bf4 Nc5 19. Qa3 Nd3 20. Nc3 Nxf4 21. gxf4 Qh4 22. Nb5 a6 23. Nd6 Bf8 24. Nxf5 gxf5 25. d6 Qxf4 26. Rad1 Rcd8 27. Bxb7 Rxd6 28. Rxd6 Bxd6 29. Qg3+ Qxg3+ 30. fxg3 Re2 31. Rxf5 Rxb2 32. Bxa6 Rxa2 33. Bc4 Ra7 34. g4 Rc7 35. Bd5 Kg7 36. g5 Kg6 37. Rxf7 Rxf7 38. Bxf7+ Kxf7 39. Kh1 Kg6 40. Kg1 Kh5 41. Kh1 Kh4 42. Kg1 Kxh3 43. Kf2 Bc5+ 44. Kf3 Bb6 45. Kf4 Kh4 46. Kf3 Bc7 47. Kg2 Kg4 48. Kf2 Kh3 49. Kf3 Bd6 50. Kf2 Bf4 51. Kf3 Bxg5 52. Kf2 Kh2 53. Kf1 h5 54. Kf2 h4 55. Kf1 Bd8 56. Kf2 Bb6+ 57. Kf1 Kg3 0-1


[Site "https://www.chess.com"]

[Event "Titled Tuesday Blitz February 07 Late 2023"]
[White "Pakleza, Zbigniew"]
[Black "O`Gorman, Tom"]
[WhiteFideId "1119290"]
[BlackFideId "2508249"]
[WhiteElo "2494"]
[BlackElo "2355"]
[Result "0-1"]
[Round "04"]
[TimeControl "180+2"]
[Date "2023.02.07"]
[WhiteClock "0:00:07"]
[BlackClock "0:00:46"]

1. d4 Nf6 2. Nf3 d5 3. Bf4 e6 4. e3 c5 5. c3 Nc6 6. Nbd2 cxd4 7. cxd4 Qb6 8. Qb3 Qxb3 9. Nxb3 Bb4+ 10. Nfd2 Nh5 11. Be5 f6 12. Bc7 Kd7 13. Bg3 Nxg3 14. hxg3 h6 15. a3 Bd6 16. Rc1 b6 17. e4 Bb7 18. Be2 dxe4 19. Nxe4 Nxd4 20. Nxf6+ gxf6 21. Nxd4 Be5 22. Bb5+ Ke7 23. O-O Rac8 24. Nc6+ Bxc6 25. Bxc6 Bxb2 26. Rc2 Bxa3 27. Ra1 Bd6 28. Rxa7+ Rc7 29. Ra6 Bc5 30. Bb5 Rd8 31. Kh2 Rd5 32. Ba4 Rh5+ 33. Kg1 Rf5 34. Bb3 Bxf2+ 35. Rxf2 Rc1+ 36. Kh2 Rh5# 0-1


[Site "https://www.chess.com"]

[Event "Titled Tuesday Blitz February 07 Late 2023"]
[White "Yanchenko, Roman"]
[Black "Golubev, Mikhail"]
[WhiteFideId "4137329"]
[BlackFideId "14100983"]
[WhiteElo "2466"]
[BlackElo "2461"]
[Result "1-0"]
[Round "04"]
[TimeControl "180+2"]
[Date "2023.02.07"]
[WhiteClock "0:01:28"]
[BlackClock "0:00:51"]

1. d4 Nf6 2. c4 g6 3. Nf3 Bg7 4. e3 O-O 5. Be2 d6 6. b3 e5 7. dxe5 dxe5 8. Qxd8 Rxd8 9. Bb2 e4 10. Nd4 c5 11. Nb5 Ne8 12. Bxg7 Kxg7 13. N1c3 a6 14. Na3 f5 15. Na4 Nd7 16. O-O-O Nef6 17. Nxc5 Re8 18. Na4 Rb8 19. Rd6 Ne5 20. Nb6 Be6 21. h3 g5 22. Nc2 Bf7 23. Nd4 Bg6 24. Ne6+ Kh6 25. Nc7 Red8 26. Rxf6 Nd3+ 27. Bxd3 exd3 28. Rd1 Kg7 29. Nbd5 Rdc8 30. Ne6+ Kg8 31. Ne7+ Kh8 32. Nxc8 Rxc8 33. Rf8+ Rxf8 34. Nxf8 1-0


[Site "https://www.chess.com"]

[Event "Titled Tuesday Blitz February 07 Late 2023"]
[White "Aggelis, Nikolaos"]
[Black "Riehle, Marco"]
[WhiteFideId "4213220"]
[BlackFideId "12904392"]
[WhiteElo "2270"]
[BlackElo "2368"]
[Result "0-1"]
[Round "04"]
[TimeControl "180+2"]
[Date "2023.02.07"]
[WhiteClock "0:00:48"]
[BlackClock "0:01:49"]

1. d4 d5 2. g3 e6 3. Nf3 c5 4. Bg2 Nf6 5. O-O Nc6 6. c4 dxc4 7. Qa4 cxd4 8. Nxd4 Qxd4 9. Bxc6+ Bd7 10. Rd1 Bxc6 11. Qxc6+ Qd7 12. Rxd7 bxc6 13. Rc7 c5 14. Na3 Nd5 15. Rb7 c3 16. e4 Nf6 17. e5 Nd5 18. Nc4 Be7 19. bxc3 O-O 20. Bd2 Rfd8 21. Rab1 Bf8 22. f4 g6 23. Kf2 Nb6 24. Nxb6 Rxd2+ 25. Ke3 Rad8 26. Rxa7 c4 27. Nxc4 Bc5+ 28. Ke4 Re2+ 29. Kf3 Rf2+ 30. Kg4 Bxa7 31. Rb7 Bc5 32. Rc7 Bf8 33. h4 Rxa2 34. h5 gxh5+ 35. Kxh5 Rc2 36. Ne3 Rh2+ 37. Kg4 Rd3 38. Nf1 Rf2 0-1


[Site "https://www.chess.com"]

[Event "Titled Tuesday Blitz February 07 Late 2023"]
[White "Maltsevskaya, Aleksandra"]
[Black "Mikaelyan, Arman"]
[WhiteFideId "24174041"]
[BlackFideId "13304852"]
[WhiteElo "2390"]
[BlackElo "2523"]
[Result "0-1"]
[Round "04"]
[TimeControl "180+2"]
[Date "2023.02.07"]
[WhiteClock "0:00:08"]
[BlackClock "0:00:08"]

1. Nf3 b5 2. g3 Bb7 3. Bg2 Nf6 4. O-O c5 5. d4 cxd4 6. Nxd4 Bxg2 7. Kxg2 Qb6 8. Re1 e6 9. e4 Nc6 10. c3 Bc5 11. Be3 O-O 12. Nxc6 dxc6 13. Bxc5 Qxc5 14. Nd2 Rfd8 15. Qe2 a5 16. Rad1 a4 17. a3 e5 18. Nf3 g6 19. h3 Kg7 20. Nh4 Qc4 21. Qf3 Rxd1 22. Qxd1 Nxe4 23. Qg4 Nd6 24. Qd7 Qd5+ 25. Kg1 Nc4 26. Qe7 Rd8 27. Qg5 Qd2 28. Nf5+ Kg8 29. Re3 Nxe3 30. Nxe3 Qd7 31. Ng4 Qd1+ 32. Kh2 Kf8 33. Qxe5 Qd6 34. Qh8+ Ke7 35. Qxh7 Qe6 36. Qh4+ Kd7 37. Qg5 Kc7 38. Qf4+ Kb7 39. Kg1 Rd1+ 40. Kh2 Qd5 0-1


[Site "https://www.chess.com"]

[Event "Titled Tuesday Blitz February 07 Late 2023"]
[White "Boros, Denes"]
[Black "Kavutskiy, Konstantin"]
[WhiteFideId "722340"]
[BlackFideId "2026384"]
[WhiteElo "2406"]
[BlackElo "2414"]
[Result "1-0"]
[Round "04"]
[TimeControl "180+2"]
[Date "2023.02.07"]
[WhiteClock "0:00:47"]
[BlackClock "0:00:05"]

1. e4 Nc6 2. Bb5 d6 3. Ne2 a6 4. Bc4 Nf6 5. d3 e6 6. a4 d5 7. exd5 exd5 8. Bb3 Bd6 9. Nbc3 h6 10. O-O O-O 11. Bf4 Bg4 12. f3 Be6 13. d4 Re8 14. Qd2 Ne7 15. Be5 c6 16. Bxf6 gxf6 17. Ng3 Kh7 18. Qd3+ f5 19. Rae1 Rg8 20. Nce2 Qc7 21. c4 Rg5 22. f4 Rg4 23. Nh5 Kh8 24. c5 Rag8 25. g3 R8g6 26. Kh1 Nc8 27. cxd6 Nxd6 28. h3 Ne4 29. hxg4 Rxg4 30. Nc3 f6 31. Bd1 Rg8 32. Nxe4 fxe4 33. Qe3 Qf7 34. f5 Bc8 35. Qxh6+ 1-0


[Site "https://www.chess.com"]

[Event "Titled Tuesday Blitz February 07 Late 2023"]
[White "Dobrikov, Marco"]
[Black "Borges Feria, Yasel"]
[WhiteFideId "12950378"]
[BlackFideId "3504921"]
[WhiteElo "2269"]
[BlackElo "2439"]
[Result "0-1"]
[Round "04"]
[TimeControl "180+2"]
[Date "2023.02.07"]
[WhiteClock "0:00:50"]
[BlackClock "0:01:03"]

1. d4 Nf6 2. c4 e6 3. Nc3 Bb4 4. Qc2 c5 5. e3 b6 6. a3 Ba5 7. Nf3 Bb7 8. Be2 O-O 9. O-O Bxc3 10. Qxc3 d6 11. b4 Ne4 12. Qc2 Nd7 13. Rd1 Qe7 14. Bb2 Rac8 15. Qa4 a6 16. Rac1 f5 17. dxc5 bxc5 18. Qb3 Rb8 19. b5 axb5 20. cxb5 Ra8 21. a4 Bd5 22. Rxd5 exd5 23. Qxd5+ Kh8 24. Ra1 Ra5 25. Bd3 h6 26. Bxe4 fxe4 27. Bc3 Nb6 28. Qd1 Rxa4 29. Rxa4 Nxa4 30. Qxa4 exf3 31. b6 Qg5 32. g3 Qf5 33. Qa1 Qh3 34. Qf1 Qxf1+ 35. Kxf1 Rb8 36. Ba5 Ra8 37. b7 Rb8 38. Ke1 Rxb7 39. Kd2 Rb2+ 0-1


[Site "https://www.chess.com"]

[Event "Titled Tuesday Blitz February 07 Late 2023"]
[White "Kosakowski, Jakub"]
[Black "Kleiman, Jake"]
[WhiteFideId "1185080"]
[BlackFideId "2020041"]
[WhiteElo "2485"]
[BlackElo "2399"]
[Result "1-0"]
[Round "04"]
[TimeControl "180+2"]
[Date "2023.02.07"]
[WhiteClock "0:00:13"]
[BlackClock "0:00:01"]

1. e4 e5 2. Nf3 Nc6 3. Bc4 Bc5 4. O-O Nf6 5. d3 O-O 6. Re1 h6 7. h3 d6 8. c3 a6 9. a4 Ba7 10. Nbd2 Ne7 11. Nf1 Ng6 12. Bb3 c6 13. d4 Re8 14. Ng3 Qc7 15. Be3 b5 16. Qd2 Kh7 17. Bc2 c5 18. axb5 axb5 19. Nf5 Bxf5 20. exf5 Ne7 21. dxe5 dxe5 22. Qe2 e4 23. Nd2 Nxf5 24. Qxb5 Kg8 25. Qa4 Nxe3 26. Rxe3 c4 27. Nxe4 Nxe4 28. Bxe4 Rxe4 29. Rxe4 Bxf2+ 30. Kxf2 Rxa4 31. Rxa4 Qb6+ 32. Kf1 Qxb2 33. Raxc4 Qb1+ 34. Kf2 Qc2+ 35. Kg1 Qd3 36. Rc8+ Kh7 37. Rd4 Qe3+ 38. Kf1 Qc1+ 39. Kf2 Qc2+ 40. Kg3 Qg6+ 41. Kh2 Qe6 42. Rc5 g6 43. c4 h5 44. Rcd5 Qe3 45. c5 Qc3 46. Rf4 Kg7 47. Rd7 Qxc5 48. Rfxf7+ Kh6 49. h4 Qe5+ 50. Kh3 Qe6+ 51. Kg3 Qe3+ 52. Kh2 Qe5+ 53. Kh3 Qe3+ 54. g3 Qe6+ 55. Kg2 Qe2+ 56. Rf2 Qe4+ 57. Kh2 Qe3 58. Rb2 Qe6 59. Ra7 1-0


[Site "https://www.chess.com"]

[Event "Titled Tuesday Blitz February 07 Late 2023"]
[White "Krallis, Christos"]
[Black "Gadimbayli, Abdulla"]
[WhiteFideId "4298896"]
[BlackFideId "13404938"]
[WhiteElo "2344"]
[BlackElo "2500"]
[Result "0-1"]
[Round "04"]
[TimeControl "180+2"]
[Date "2023.02.07"]
[WhiteClock "0:00:03"]
[BlackClock "0:00:23"]

1. d4 d5 2. c4 e5 3. dxe5 d4 4. Nf3 Nc6 5. a3 Nge7 6. b4 Ng6 7. Bb2 a5 8. b5 Ncxe5 9. Nxe5 Nxe5 10. Qxd4 Qxd4 11. Bxd4 Nxc4 12. e3 Be6 13. Be2 Bd6 14. O-O O-O 15. Rc1 Nb6 16. Nc3 Nd7 17. Ne4 Rac8 18. b6 Bd5 19. Nc3 Bc6 20. bxc7 Bxc7 21. Nb5 Bb8 22. a4 Ne5 23. f4 Ng6 24. Kf2 Rfe8 25. Bb6 Nf8 26. Bg4 Bd7 27. Bxd7 Nxd7 28. Bxa5 Nc5 29. Rcb1 Nd3+ 30. Kf3 Rc2 31. Nd4 Rf2+ 32. Kg4 Rxe3 33. g3 Rxh2 34. Rxb7 Nf2+ 35. Kf5 Rh5# 0-1


[Site "https://www.chess.com"]